Map: Pillars of Gold LE

Players

technology

  • Race: Terran Terran
  • League: Master
  • Spawn Location: 7:00

NORTHAMERICA - Winner!

  • Race: Protoss Protoss
  • League: Grandmaster
  • Spawn Location: 1:00

VOD

Have the link to the VOD?

Description

Time

  • Played on: Oct. 15, 2020, 6:26 a.m.
  • Length: 18:29
Show
View Real Time Build Order
Export as new Build Order

technology Terran 

Build Orders: Reaper Expand 

Get SALT Encoding   

  12  0:00  SCV  
  13  0:12  SCV  
  14  0:18  Supply Depot  
  14  0:24  SCV  
  15  0:39  SCV  
  15  0:42  Barracks  
  16  0:45  Refinery  
  16  0:51  SCV  
  17  1:03  SCV  
  18  1:16  SCV  
  19  1:29  Reaper, Orbital Command  
  20  1:43  Command Center  
  20  1:51  Supply Depot  
  20  1:56  SCV  
  21  2:01  Marine  
  21  2:08  Factory  
  22  2:11  SCV  
  23  2:15  Refinery  
  23  2:23  Barracks Reactor  
  23  2:25  SCV  
  25  2:37  SCV  
  25  2:49  SCV  
  26  2:52  Starport  
  26  2:56  Orbital Command, Widow Mine  
  28  3:00  Marine x2  
  30  3:11  SCV  
  31  3:18  Widow Mine  
  31  3:19  Marine x2  
  35  3:23  SCV  
  35  3:25  SCV  
  37  3:29  Medivac  
  37  3:31  Barracks  
  39  3:35  SCV  
  39  3:36  Supply Depot  
  39  3:37  Marine x2  
  42  3:43  SCV  
  42  3:48  SCV  
  44  3:55  SCV  
  45  3:56  Barracks  
  45  3:57  Marine x2  
  45  4:00  SCV, Factory Tech Lab  
  48  4:07  SCV  
  48  4:08  Supply Depot  
  48  4:09  Starport Tech Lab  
  49  4:12  SCV  
  50  4:19  SCV, Marine x2  
  50  4:23  Engineering Bay  
  53  4:27  Refinery  
  53  4:28  Supply Depot  
  53  4:29  SCV  
  54  4:31  SCV  
  54  4:35  Stimpack  
  54  4:37  Marine x2  
  57  4:40  Marine  
  57  4:44  Supply Depot  
  58  4:46  SCV x2  
  58  4:51  Combat Shield, Marauder  
  61  4:56  Terran Infantry Weapons Level 1  
  61  5:00  Marauder  
  61  5:01  Marine x2  
  61  5:03  SCV  
  61  5:05  SCV  
  67  5:09  Missile Turret  
  67  5:11  Starport Reactor, Factory Reactor  
  67  5:17  Marauder  
  67  5:18  SCV  
  67  5:19  Missile Turret  
  67  5:20  Marine x2  
  72  5:25  Marauder  
  72  5:26  Supply Depot  
  72  5:28  SCV  
  75  5:30  Supply Depot  
  75  5:32  SCV  
  76  5:41  Supply Depot  
  76  5:44  Marauder  
  76  5:48  Marine x2  
  76  5:49  Medivac x2  
  84  5:53  Marauder  
  84  5:56  Widow Mine x2  
  90  5:59  Refinery  
  90  6:03  SCV x2  
  92  6:04  Supply Depot  
  92  6:07  Marine x2  
  92  6:08  Marauder  
  92  6:10  Concussive Shells  
  96  6:14  Marauder  
  96  6:16  SCV  
  95  6:26  Marine  
  95  6:29  Marauder  
  96  6:35  Marine  
  96  6:36  Marauder  
  96  6:42  Command Center  
  96  6:43  Marine  
  95  6:51  Marauder  
  95  6:53  Marine  
  89  6:58  Marauder  
  89  6:59  Medivac x2, Widow Mine x2  
  89  7:00  SCV x2  
  101  7:01  Marine  
  102  7:11  Marine  
  102  7:12  SCV, Barracks x2, Terran Infantry Armor Level 1  
  102  7:14  Marine  
  105  7:20  Supply Depot  
  105  7:21  Supply Depot  
  105  7:22  Widow Mine  
  107  7:24  Marine x2  
  107  7:29  Marine  
  106  7:38  Marauder  
  106  7:39  Widow Mine  
  106  7:42  SCV x2, Marine x2  
  114  7:53  Engineering Bay  
  114  7:54  SCV x2, Armory, Missile Turret  
  116  8:02  Ghost Academy  
  116  8:06  SCV  
  117  8:15  Barracks Reactor, Barracks Tech Lab  
  117  8:17  Marauder, Marine x3  
  122  8:24  SCV x2  
  122  8:26  Orbital Command  
  123  8:35  Ghost x2  
  123  8:36  SCV x2  
  123  8:37  Enhanced Shockwaves  
  123  8:39  Marine x3  
  132  8:43  Terran Infantry Weapons Level 2  
  132  8:48  Terran Ship Weapons Level 1  
  132  8:49  Supply Depot  
  132  8:50  SCV x2  
  132  8:51  Supply Depot  
  134  9:00  SCV  
  134  9:02  SCV x2, Refinery  
  137  9:03  Refinery  
  137  9:07  Supply Depot, Ghost x2  
  137  9:09  Supply Depot  
  141  9:13  Ghost  
  143  9:19  Supply Depot  
  143  9:27  Marine x3  
  146  9:34  Command Center  
  146  9:35  Ghost  
  146  9:39  Terran Infantry Armor Level 2  
  146  9:43  Starport  
  146  9:50  Missile Turret  
  146  9:52  Marine  
  146  9:53  Marauder, Marine x2  
  146  9:54  Marauder, Marine  
  154  10:00  Bunker  
  154  10:02  Sensor Tower  
  148  10:18  Viking x2, Marauder x2  
  148  10:19  Marauder, Marine x4  
  148  10:20  Viking  
  148  10:21  Viking  
  166  10:27  SCV x3  
  167  10:30  Supply Depot  
  167  10:37  Marine x2  
  169  10:44  Supply Depot  
  169  10:48  Supply Depot  
  169  10:51  Marauder, Marine x2  
  169  10:52  Viking x2  
  177  11:02  Missile Turret  
  177  11:03  Sensor Tower  
  177  11:05  Liberator x2  
  177  11:06  Marauder, Marine x2  
  177  11:07  Personal Cloaking  
  187  11:15  Terran Infantry Weapons Level 3  
  184  11:27  Planetary Fortress  
  184  11:30  Liberator  
  187  11:42  Barracks x3  
  187  11:44  Missile Turret  
  187  12:02  Marauder, Marine x4  
  187  12:03  Marauder x2  
  176  12:20  Marine x3  
  176  12:21  Liberator x2  
  185  12:24  Marauder x2  
  167  12:35  Viking x2, Marine x3  
  167  12:36  Marauder, Marine  
  170  12:41  Marine x3  
  173  12:44  Terran Infantry Armor Level 3  
  173  12:45  Marauder x2  
  173  12:46  Terran Ship Weapons Level 2  
  177  12:57  Marauder, Barracks Tech Lab  
  177  12:58  Barracks Tech Lab x2  
  179  13:06  Ghost x2  
  178  13:23  Marauder, Marine x2  
  178  13:25  Viking x4  
  146  14:13  Marauder, Marine x2  
  149  14:20  Command Center  
  149  14:22  Viking  
  149  14:23  Command Center  
  149  14:24  Marauder, Marine x2  
  145  14:30  Marine x2  
  145  14:31  Marauder x2, Liberator x2  
  153  14:32  Liberator  
  123  14:53  Marine x2  
  123  14:54  Marauder, Marine x2  
  123  14:55  Marauder x2, Marine  
  123  14:58  Ghost x2  
  135  15:11  Marine x3  
  135  15:12  Marine  
  135  15:13  Marauder  
  144  15:15  Marauder  
  144  15:16  Marine  
  144  15:17  Marauder  
  144  15:18  Fusion Core  
  144  15:20  Terran Ship Weapons Level 3  
  149  15:24  Liberator  
  149  15:25  Medivac  
  149  15:26  Medivac, Marine x2  
  149  15:27  Medivac  
  157  15:29  Marine x3  
  157  15:30  Refinery, Marine  
  157  15:33  Refinery, Marine  
  157  15:34  Marine  
  163  15:36  Orbital Command, Marine  
  163  15:38  Marauder  
  164  15:44  Marine x2  
  164  15:47  Marine x3  
  168  15:52  Marauder  
  168  15:53  Marauder, Marine  
  168  15:54  Bunker, Marine  
  174  15:59  Marine  
  174  16:02  Ghost, Marine  
  166  16:11  Ghost  
  148  16:24  Marine x3  
  148  16:25  Marauder  
  117  16:30  Marine x3  
  117  16:31  Marauder  
  117  16:32  Marauder  
  122  16:40  Marine  
  122  16:42  Marine x3  
  122  16:45  Marine  
  123  16:48  Marine x3  
  123  16:51  Marine  
  123  16:52  Marine  
  123  16:54  Orbital Command  
  128  16:58  SCV x2, Marauder  
  128  17:00  Marine x3  
  134  17:04  Marauder  
  134  17:05  Orbital Command  
  135  17:10  SCV x2  
  135  17:14  Marauder, Marine x4  
  142  17:24  SCV x2  
  142  17:25  SCV  
  145  17:36  SCV x2  
  145  17:47  Marine  
  145  17:48  Marauder x2, Marine x6  
  145  17:49  Marauder  
  152  18:01  Command Center  
  144  18:05  Marine x2  
  144  18:06  Marauder  
  144  18:07  Marauder  
Show
View Real Time Build Order
Export as new Build Order

NORTHAMERICA Protoss - Winner!

Build Orders: 1 Gate Expand, Phoenix Opening 

Get SALT Encoding   

  12  0:00  Probe  
  13  0:12  Probe  
  14  0:18  Pylon  
  14  0:24  Probe  
  15  0:36  Probe (Chrono Boost)  
  15  0:39  Gateway  
  16  0:48  Probe (Chrono Boost)  
  16  0:49  Assimilator  
  17  0:53  Probe (Chrono Boost)  
  18  1:03  Probe  
  19  1:15  Probe  
  20  1:19  Unknown x3  
  20  1:26  Nexus  
  20  1:36  Cybernetics Core  
  20  1:39  Probe  
  21  1:47  Pylon  
  21  1:51  Probe  
  22  1:55  Assimilator  
  22  2:03  Probe  
  23  2:09  Adept (Chrono Boost)  
  23  2:15  Probe  
  26  2:25  Stargate  
  26  2:27  Probe  
  27  2:33  Stalker (Chrono Boost)  
  29  2:40  Probe x2 (Chrono Boost)  
  31  2:46  Warp Gate  
  31  2:52  Probe (Chrono Boost)  
  31  2:57  Probe (Chrono Boost)  
  33  3:00  Probe (Chrono Boost)  
  33  3:04  Probe (Chrono Boost)  
  35  3:06  Probe  
  35  3:08  Phoenix (Chrono Boost)  
  38  3:16  Probe  
  38  3:19  Probe  
  40  3:21  Pylon  
  40  3:24  Phoenix (Chrono Boost)  
  42  3:28  Probe  
  42  3:31  Probe  
  44  3:40  Probe  
  45  3:43  Probe  
  45  3:46  Phoenix (Chrono Boost)  
  45  3:47  Gateway  
  48  3:51  Gateway  
  48  3:52  Probe  
  48  3:55  Probe  
  50  3:59  Assimilator  
  50  4:04  Probe, Phoenix, Assimilator  
  53  4:10  Probe  
  53  4:12  Pylon  
  54  4:18  Robotics Facility  
  54  4:30  Probe x2, Pylon  
  56  4:43  Probe x2  
  56  4:45  Phoenix  
  60  4:46  Zealot  
  62  4:55  Probe x2, Nexus  
  62  4:57  Pylon  
  62  4:58  Sentry  
  66  5:06  Robotics Bay  
  66  5:07  Probe, Observer (Chrono Boost)  
  67  5:08  Stalker  
  70  5:15  Probe  
  70  5:18  Pylon  
  70  5:19  Immortal (Chrono Boost)  
  75  5:28  Shield Battery  
  75  5:34  Sentry  
  77  5:38  Stalker x2  
  81  5:44  Shield Battery  
  81  5:46  Pylon  
  81  5:47  Pylon  
  81  5:51  Shield Battery, Observer  
  81  6:00  Colossus (Chrono Boost)  
  81  6:01  Extended Thermal Lance (Chrono Boost)  
  86  6:06  Probe x2  
  86  6:09  Probe  
  89  6:18  Probe x2  
  91  6:28  Zealot x2  
  91  6:29  Zealot  
  97  6:33  Probe  
  97  6:34  Probe  
  97  6:37  Colossus (Chrono Boost)  
  101  6:53  Probe  
  94  6:56  Zealot x3  
  94  6:59  Observer  
  98  7:10  Probe, Forge  
  98  7:12  Gateway  
  98  7:14  Gateway  
  99  7:16  Stalker  
  99  7:17  Stalker x2  
  105  7:24  Probe  
  105  7:25  Colossus (Chrono Boost)  
  112  7:40  Shield Battery, Pylon  
  112  7:43  Pylon x2, Sentry  
  114  7:49  Adept, Photon Cannon  
  116  7:52  Shield Battery, Protoss Ground Weapons Level 1 (Chrono Boost)  
  116  7:58  Probe x3  
  117  8:04  Disruptor (Chrono Boost)  
  117  8:05  Assimilator  
  122  8:10  Probe x3, Assimilator  
  125  8:16  Twilight Council, Sentry  
  125  8:17  Forge  
  127  8:22  Probe, Stalker x3  
  127  8:24  Probe  
  127  8:26  Probe  
  136  8:30  Pylon  
  134  8:34  Probe  
  134  8:37  Disruptor (Chrono Boost)  
  138  8:47  Protoss Ground Armor Level 1 (Chrono Boost)  
  138  8:49  Probe  
  139  8:57  Photon Cannon  
  139  8:59  Blink (Chrono Boost), Photon Cannon  
  137  9:04  Observer (Chrono Boost)  
  137  9:05  Stalker x2, Gateway  
  137  9:06  Zealot x2  
  146  9:14  Gateway  
  146  9:16  Dark Shrine  
  146  9:21  Disruptor  
  149  9:38  Nexus  
  149  9:41  Pylon  
  149  9:47  Pylon  
  149  9:48  Pylon  
  149  9:50  Pylon  
  149  9:55  Probe x2  
  149  9:57  Protoss Ground Weapons Level 2 (Chrono Boost)  
  149  9:58  Pylon  
  149  9:59  Disruptor (Chrono Boost)  
  152  10:05  Photon Cannon  
  150  10:17  Stalker x4  
  150  10:18  Stalker x3  
  162  10:29  Photon Cannon  
  162  10:30  Shield Battery, Disruptor (Chrono Boost)  
  162  10:35  Shadow Stride  
  163  10:44  Shield Battery  
  163  10:45  Pylon, Dark Templar  
  163  10:47  Dark Templar  
  167  10:50  Charge (Chrono Boost)  
  167  10:53  Probe  
  168  10:58  Disruptor (Chrono Boost)  
  168  10:59  Photon Cannon  
  168  11:00  Protoss Ground Armor Level 2 (Chrono Boost), Photon Cannon  
  171  11:12  Stalker x4  
  179  11:20  Probe x2  
  179  11:21  Robotics Facility  
  179  11:24  Probe  
  182  11:29  Assimilator  
  182  11:31  Assimilator  
  180  11:33  Probe, Gateway  
  180  11:34  Probe, Gateway  
  182  11:45  Dark Templar x5  
  192  11:54  Probe  
  193  12:06  Gateway  
  193  12:07  Gateway x2  
  193  12:08  Dark Templar x2  
  197  12:12  Protoss Ground Weapons Level 3 (Chrono Boost)  
  197  12:19  Nexus  
  197  12:22  Pylon  
  179  12:36  Dark Templar x2  
  183  12:37  Dark Templar x2  
  183  12:40  Zealot x3  
  183  12:41  Zealot x2  
  197  12:51  Photon Cannon  
  197  12:52  Photon Cannon  
  197  12:54  Photon Cannon  
  197  12:56  Shield Battery  
  197  12:59  Pylon  
  197  13:02  Disruptor  
  188  13:21  Protoss Ground Armor Level 3 (Chrono Boost)  
  188  13:23  Stalker x6  
  188  13:24  Stalker  
  196  13:29  Probe  
  189  13:38  Probe  
  163  13:54  Disruptor (Chrono Boost)  
  147  13:55  Zealot x2  
  147  13:56  Zealot x7  
  147  13:57  Zealot x2  
  126  14:16  Stalker x5  
  138  14:17  Stalker x5  
  138  14:21  Disruptor (Chrono Boost)  
  148  14:25  Disruptor (Chrono Boost)  
  149  14:37  Stalker  
  149  14:38  Stalker  
  143  14:50  Disruptor (Chrono Boost)  
  143  14:52  Stalker x4, Zealot  
  138  14:53  Zealot  
  138  14:54  Nexus  
  138  14:58  Assimilator  
  139  15:02  Disruptor (Chrono Boost)  
  139  15:06  Dark Templar x4  
  150  15:10  Dark Templar  
  152  15:20  Pylon  
  152  15:23  Dark Templar  
  152  15:25  Sentry  
  152  15:27  Stalker x4  
  164  15:34  Disruptor  
  164  15:35  Zealot  
  169  15:41  Archon  
  167  15:43  Dark Templar  
  167  15:44  Dark Templar x2  
  167  15:47  Zealot x2  
  171  15:55  Assimilator  
  171  15:59  Assimilator  
  142  16:28  Probe x2  
  142  16:31  Stalker x6  
  142  16:32  Stalker x4  
  149  16:33  Disruptor (Chrono Boost)  
  154  16:43  Zealot x2  
  152  16:47  Nexus  
  152  16:49  Probe  
  146  16:59  Disruptor (Chrono Boost)  
  145  17:08  Dark Templar x3  
  154  17:11  Pylon  
  154  17:19  Zealot x3  
  154  17:20  Zealot x5  
  154  17:21  Disruptor  
  168  17:26  Dark Templar  
  171  17:42  Disruptor  
  172  17:52  Assimilator  
  172  17:56  Zealot x4  
  172  17:57  Zealot x2  
  183  18:00  Zealot x3  
  165  18:15  Zealot x3  
  165  18:17  Zealot x2  
  165  18:18  Zealot x2  
  166  18:25  Zealot x3  
Tags
 
Add a new tag
Caveats
  • Supply blocks, unpowered buildings, or Contaminate may cause inaccurate times.
  • Supply counts are checked every 10 seconds.